 Dungeon Sprint DCSS version 0.22-a0-608-g8a62e23 (webtiles) character file.

42728 TheOrbIsALie the Merfolkian Porcupine (level 13, -5/189 (193) HPs)
             Began as a Merfolk Berserker on July 9, 2018.
             Was the Champion of Trog.
             Slain by a tentacle (15 damage)
             ... attached to a kraken
             ... in the Dungeon (Sprint III: "The Ten Rune Challenge").
             The game lasted 00:14:57 (5299 turns).

TheOrbIsALie the Merfolkian Porcupine (MfBe)        Turns: 5299, Time: 00:14:58

HP:   -5/189 (193)  AC:  3    Str: 23    XL:     13   Next: 47%
MP:   11/11         EV: 32    Int:  6    God:    Trog [******]
Gold: 7746          SH:  0    Dex: 20    Spells: 12/12 levels left

rFire    + . .     SeeInvis .   A - +11 halberd "Vano" {drain, rF+}
rCold    . . .     Gourm    .   (shield currently unavailable)
rNeg     . . .     Faith    .   b - +0 animal skin
rPois    .         Spirit   .   (no helmet)
rElec    .         Reflect  .   l - +0 cloak
rCorr    .         Harm     .   (no gloves)
MR       .....     NoTele   +   (boots currently unavailable)
Stlth    ..........             (no amulet)
HPRegen  0.41/turn              (no ring)
MPRegen  0.12/turn              (no ring)

@: berserking (expiring), very quick
A: change form in water, swift swim, stealthy swim, agile 1, low mp 1, sturdy
frame 1
}: 1/10 runes: decaying
a: Berserk, Trog's Hand, Brothers in Arms, Renounce Religion


You were in the Dungeon.
You worshipped Trog.
Trog was exalted by your worship.
You were hungry.

You visited 1 branch You collected 7746 gold pieces.

Inventory:

Hand Weapons
 r - a +3 halberd of freezing
 s - a +3 glaive of chopping
 v - the +5 glaive of Pidojuvo {chop, +Blink Str-4 Dex+2}
   (Trog gifted it to you in the Dungeon)

   It inflicts extra damage upon your enemies.
   It affects your strength (-4).
   It affects your dexterity (+2).
   It lets you blink.
 w - a +2 antimagic bardiche
 x - a +2 glaive of flaming
 y - a +2 antimagic halberd
 z - a +7 antimagic glaive
 A - the +11 halberd "Vano" (weapon) {drain, rF+}
   (Trog gifted it to you in the Dungeon)

   A truly terrible weapon, it drains the life of those it strikes.
   It protects you from fire.
 B - a +3 antimagic bardiche
 C - a +2 glaive of venom
 D - a +1 lajatang of distortion
 E - a +4 lajatang of speed
 F - the +7 glaive of Midnight {chop, Int+3}
   (Trog gifted it to you in the Dungeon)

   It inflicts extra damage upon your enemies.
   It affects your intelligence (+3).
 G - a +2 antimagic glaive
Missiles
 a - 4 javelins of penetration (quivered)
Armour
 b - a +0 animal skin (worn)
 l - a +0 cloak (worn)
Wands
 j - a wand of polymorph (11)
 t - a wand of flame (28)
Scrolls
 i - a scroll of blinking
 n - 2 scrolls of torment {unknown}
 o - 3 scrolls of identify {unknown}
 p - 3 scrolls of remove curse
Potions
 d - 5 potions of curing
 e - a potion of heal wounds
 f - a potion of haste
 g - 2 potions of magic
 h - 2 potions of berserk rage
 k - a potion of might
 m - 4 potions of mutation
 q - a potion of flight {unknown}
 u - a potion of degeneration {unknown}
Comestibles
 c - 10 rations
 H - 3 chunks of flesh


   Skills:
 + Level 20.7 Fighting
 O Level 27 Polearms
 + Level 1.2 Throwing
 + Level 3.7 Armour
 * Level 15.6 Dodging
 + Level 16.0 Stealth


You had 12 spell levels left.
You didn't know any spells.
Your spell library was empty.

Dungeon Overview and Level Annotations

Branches:
Dungeon (1/1)

Altars:
Cheibriados
Dithmenos
Elyvilon
Fedhas
Gozag
Hepliaklqana
Kikubaaqudgha
Makhleb
Nemelex Xobeh
Okawaru
Qazlal
Ru
Sif Muna
Trog
Uskayaw
Vehumet
Wu Jian
Xom
Yredelemnul
Zin
The Shining One
Beogh
Jiyva
Lugonu

Shops:
D *}?(


Innate Abilities, Weirdness & Mutations

You revert to your normal form in water.
You are very nimble and swift while swimming.
You are very stealthy in the water. (Stealth+)
You are agile. (Dex +2)
Your magical capacity is low. (-10% MP)
Your movements are slightly less encumbered by armour. (ER -2)


Message History

The kraken is almost dead.
The tentacle completely misses you.
The snapping turtle completely misses you.
The tentacle slaps you!
* * * LOW HITPOINT WARNING * * *
The tentacle closely misses you.
You puncture the kraken! You drain the kraken!
The kraken is almost dead.
A tentacle segment bursts forth from the water. x2
The tentacle slaps you!
* * * LOW HITPOINT WARNING * * *
The kraken completely misses you.
The alligator snapping turtle completely misses you.
The tentacle slaps you!
* * * LOW HITPOINT WARNING * * *
You hit the kraken but do no damage. You drain the kraken!
The kraken is almost dead.
The tentacle completely misses you. The tentacle closely misses you.
The tentacle slaps you!
You die...

.#≈≈≈..........P♣
♣♣.##.#####...#
.#≈≈≈≈......÷..P♣
♣.....##......#
###########'#############'######
▓..........PP #.♣♣ ▓≈≈P......P≈≈
#♣≈♣ ▓≈≈≈.P..P.≈≈≈ ♣.♣♣ ##
▓≈≈≈≈≈..≈≈≈≈≈ ♣♣.♣ #P
▓≈≈≈≈≈w≈≈≈≈≈≈ ♣.♣♣ #.
▓≈≈≈≈@w≈≈≈≈≈≈ ♣.♣♣ #.
▓≈≈twwX≈≈≈≈≈≈ ♣..♣♣#.
▓≈≈≈≈≈t≈≈≈≈≈≈ ♣♣.♣♣≈#
▓≈≈≈≈≈t≈≈≈≈≈≈ ♣♣.♣♣≈
▓≈≈≈≈tt≈≈≈≈≈≈ ♣♣..♣♣♣
▓≈≈≈≈≈≈≈≈≈≈≈≈ ♣...≈..
▓≈≈≈≈≈≈≈≈≈≈≈≈ ♣...≈§≈
▓≈≈≈......≈≈≈ ♣.♣≈.≈. ♣♣♣♣♣♣♣


You could see a kraken, an alligator snapping turtle, 4 snapping turtles and 4
tentacles.

Vanquished Creatures
  Rupert (D)
  Frances (D)
  Gastronok (D)
  Donald (D)
  2 dire elephants (D)
  An ice dragon (D)
  Erolcha (D)
  3 hydras (D)
  4 death yaks (D)
  Urug (D)
  An orc high priest (D)
  2 deep elf knights (D)
  A spriggan druid (D)
  A death drake (D)
  A lindwurm (D)
  An orc knight (D)
  4 deep elf magi (D)
  2 elephants (D)
  2 black mambas (D)
  2 spiny frogs (D)
  A rime drake (D)
  A komodo dragon (D)
  3 wandering mushrooms (D)
  A queen bee (D)
  2 tyrant leeches (D)
  8 blink frogs (D)
  A snapping turtle (D)
  2 spriggans (D)
  5 redbacks (D)
  A shadow (D)
  A spatial vortex (D)
  A hydra simulacrum (D)
  A swamp drake (D)
  4 orc warriors (D)
  A necrophage (D)
  5 two-headed ogres (D)
  A water elemental (D)
  32 killer bees (D)
  An electric eel (D)
  A jelly (D)
  A wizard (D)
  Crazy Yiuf (D)
  An orc priest (D)
  5 orc wizards (D)
  A necromancer (D)
  A kobold demonologist (D)
  3 humans (D)
  An ooze (D)
  2 swamp drake simulacra (D)
  6 orcs (D)
  3 rats (D)
  A plant (D)
132 creatures vanquished.

Vanquished Creatures (others)
  2 draconian scorchers (D)
  6 hellions (D)
  2 yaktaurs (D)
  6 plants (D)
16 creatures vanquished.

Grand Total: 148 creatures vanquished

Notes
Turn   | Place    | Note
-------+----------+-------------------------------------------
     0 | D        | TheOrbIsALie the Merfolk Berserker began the quest for the Orb.
     0 | D        | Reached XP level 1. HP: 18/18 MP: 1/1
     8 | D        | Reached skill level 5 in Polearms
    39 | D        | Killed a yaktaur
    96 | D        | Reached ** piety under Trog
   103 | D        | Killed a hellion
   104 | D        | Killed a hellion
   104 | D        | Killed a hellion
   104 | D        | Killed a hellion
   105 | D        | Killed a hellion
   106 | D        | Reached XP level 2. HP: 25/25 MP: 2/2
   114 | D        | Killed a hellion
   124 | D        | Noticed Crazy Yiuf
   136 | D        | Reached skill level 7 in Polearms
   136 | D        | Reached XP level 3. HP: 27/32 MP: 3/3
   144 | D        | Killed Crazy Yiuf
   144 | D        | Reached skill level 5 in Fighting
   144 | D        | Reached skill level 8 in Polearms
   144 | D        | Reached skill level 1 in Stealth
   181 | D        | Gained mutation: Your magical capacity is low. (-10% MP) [potion of mutation]
   181 | D        | Gained mutation: Your movements are slightly less encumbered by armour. (ER -2) [potion of mutation]
   181 | D        | Gained mutation: You are agile. (Dex +2) [potion of mutation]
   248 | D        | Killed a white draconian scorcher
   260 | D        | Killed a white draconian scorcher
   329 | D        | Noticed a water elemental
   336 | D        | Killed a water elemental
   336 | D        | Reached *** piety under Trog
   336 | D        | Reached skill level 9 in Polearms
   336 | D        | Reached XP level 4. HP: 41/41 MP: 3/3
   429 | D        | Found a radiant altar of Vehumet.
   430 | D        | Found a deep blue altar of Sif Muna.
   430 | D        | Found an ancient bone altar of Kikubaaqudgha.
   430 | D        | Noticed a wizard
   434 | D        | Paralysed by a wizard for 6 turns
   442 | D        | Killed a wizard
   442 | D        | Reached skill level 10 in Polearms
   442 | D        | Reached skill level 5 in Dodging
   442 | D        | Reached XP level 5. HP: 48/48 MP: 4/4
   490 | D        | Found a hide-covered altar of Uskayaw.
   490 | D        | Found a roughly hewn altar of Beogh.
   490 | D        | Found an iron altar of Okawaru.
   490 | D        | Found a bloodstained altar of Trog.
   490 | D        | Found an ornate altar of the Wu Jian Council.
   490 | D        | Noticed a human
   490 | D        | Noticed a human
   496 | D        | Killed a human
   496 | D        | Reached **** piety under Trog
   496 | D        | Reached skill level 12 in Polearms
   496 | D        | Reached XP level 6. HP: 57/57 MP: 5/5
   502 | D        | Killed a human
   502 | D        | Reached skill level 13 in Polearms
   546 | D        | Found a glowing silver altar of Zin.
   546 | D        | Found a glowing golden altar of the Shining One.
   546 | D        | Found a white marble altar of Elyvilon.
   546 | D        | Noticed a deep elf mage
   554 | D        | Killed a deep elf mage
   554 | D        | Reached skill level 10 in Fighting
   554 | D        | Reached skill level 15 in Polearms
   554 | D        | Reached skill level 5 in Stealth
   554 | D        | Reached XP level 7. HP: 67/67 MP: 6/6
   554 | D        | Reached XP level 8. HP: 73/73 MP: 7/7
   642 | D        | Found a basalt altar of Yredelemnul.
   642 | D        | Found a shadowy altar of Dithmenos.
   642 | D        | Found a sacrificial altar of Ru.
   649 | D        | Reached ***** piety under Trog
   728 | D        | Noticed a shadow
   736 | D        | Killed a shadow
   736 | D        | Reached skill level 16 in Polearms
   883 | D        | Found a blossoming altar of Fedhas.
   883 | D        | Found a stormy altar of Qazlal.
   883 | D        | Found a snail-covered altar of Cheibriados.
   883 | D        | Found a burning altar of Makhleb.
   883 | D        | Found a shimmering altar of Xom.
   884 | D        | Found a hazy altar of Hepliaklqana.
   884 | D        | Found an opulent altar of Gozag.
   884 | D        | Found a sparkling altar of Nemelex Xobeh.
   884 | D        | Found a corrupted altar of Lugonu.
   884 | D        | Found a viscous altar of Jiyva.
   902 | D        | Received a gift from Trog
   908 | D        | Killed a yaktaur
   982 | D        | Reached skill level 17 in Polearms
  1046 | D        | Noticed a two-headed ogre
  1060 | D        | Killed a two-headed ogre
  1060 | D        | Reached XP level 9. HP: 79/79 MP: 8/8
  1108 | D        | Noticed a two-headed ogre
  1108 | D        | Noticed Erolcha
  1120 | D        | Killed Erolcha
  1120 | D        | Reached skill level 18 in Polearms
  1133 | D        | Killed a two-headed ogre
  1133 | D        | Reached skill level 10 in Dodging
  1200 | D        | Received a gift from Trog
  1200 | D        | Reached skill level 19 in Polearms
  1203 | D        | Got an ivory glaive {god gift}
  1204 | D        | Identified the +5 glaive of Pidojuvo {chop, +Blink Str-4 Dex+2} (Trog gifted it to you in the Dungeon)
  1237 | D        | Noticed a wandering mushroom
  1242 | D        | Noticed a wandering mushroom
  1246 | D        | Killed a wandering mushroom
  1247 | D        | Noticed a wandering mushroom
  1254 | D        | Killed a wandering mushroom
  1254 | D        | Reached skill level 10 in Stealth
  1254 | D        | Reached XP level 10. HP: 66/89 MP: 9/9
  1357 | D        | Noticed a spiny frog
  1357 | D        | Noticed a spiny frog
  1363 | D        | Killed a spiny frog
  1363 | D        | Reached skill level 20 in Polearms
  1367 | D        | Killed a spiny frog
  1373 | D        | Received a gift from Trog
  1663 | D        | Received a gift from Trog
  1670 | D        | Reached skill level 21 in Polearms
  1682 | D        | Reached ****** piety under Trog
  1727 | D        | Received a gift from Trog
  1887 | D        | Noticed a lindwurm
  1893 | D        | Killed a lindwurm
  1893 | D        | Reached skill level 15 in Fighting
  1893 | D        | Reached XP level 11. HP: 76/99 MP: 9/9
  2056 | D        | Noticed Urug
  2063 | D        | Killed Urug
  2063 | D        | Reached skill level 22 in Polearms
  2149 | D        | Noticed a dire elephant
  2149 | D        | Noticed a dire elephant
  2149 | D        | Noticed Gastronok
  2163 | D        | Killed a dire elephant
  2163 | D        | Received a gift from Trog
  2173 | D        | Killed a dire elephant
  2178 | D        | Killed Gastronok
  2178 | D        | Reached skill level 23 in Polearms
  2312 | D        | Received a gift from Trog
  2406 | D        | Received a gift from Trog
  2476 | D        | Received a gift from Trog
  3209 | D        | Reached XP level 12. HP: 111/111 MP: 10/10
  3278 | D        | Noticed an orc high priest
  3280 | D        | Found a roughly hewn altar of Beogh.
  3283 | D        | Received a gift from Trog
  3289 | D        | Killed an orc high priest
  3297 | D        | Received a gift from Trog
  3310 | D        | Reached skill level 24 in Polearms
  3312 | D        | Received a gift from Trog
  3327 | D        | Got an ancient halberd {god gift}
  3328 | D        | Identified the +11 halberd "Vano" {drain, rF+} (Trog gifted it to you in the Dungeon)
  3331 | D        | Found Xamejeuk's General Store.
  3394 | D        | Noticed a deep elf knight
  3394 | D        | Noticed a deep elf knight
  3401 | D        | Received a gift from Trog
  3407 | D        | Killed a deep elf knight
  3418 | D        | Killed a deep elf knight
  3418 | D        | Received a gift from Trog
  3418 | D        | Noticed a deep elf demonologist
  3493 | D        | Noticed Donald
  3493 | D        | Noticed Frances
  3495 | D        | Noticed a soul eater
  3499 | D        | Noticed a soul eater
  3509 | D        | Killed Donald
  3509 | D        | Reached skill level 25 in Polearms
  3509 | D        | Reached skill level 15 in Stealth
  3512 | D        | Killed Frances
  3745 | D        | Noticed Rupert
  3756 | D        | Killed Rupert
  3799 | D        | Noticed a death yak
  3801 | D        | Noticed a death yak
  3810 | D        | Noticed a death yak
  3810 | D        | Noticed a death yak
  3811 | D        | Killed a death yak
  3811 | D        | Received a gift from Trog
  3811 | D        | Reached skill level 26 in Polearms
  3814 | D        | Reached XP level 13. HP: 104/123 MP: 11/11
  3853 | D        | Noticed an azure jelly
  3853 | D        | Noticed an azure jelly
  3854 | D        | Noticed an azure jelly
  3854 | D        | Noticed an azure jelly
  3868 | D        | Received a gift from Trog
  3870 | D        | Got a steaming glaive {god gift}
  3874 | D        | Identified the +7 glaive of Midnight {chop, Int+3} (Trog gifted it to you in the Dungeon)
  4250 | D        | Reached skill level 27 in Polearms
  4259 | D        | Received a gift from Trog
  4267 | D        | Noticed an ice dragon
  4333 | D        | Found Tuewol's Gadget Emporium.
  4333 | D        | Found Viap's Magic Scroll Shop.
  4336 | D        | Killed an ice dragon
  4336 | D        | Reached skill level 1 in Throwing
  4336 | D        | Reached skill level 15 in Dodging
  4340 | D        | Found Ruhir's Antique Weapon Shoppe.
  4728 | D        | Got a decaying rune of Zot
  4884 | D        | Found a blossoming altar of Fedhas.
  5170 | D        | Noticed a kraken
  5182 | D        | Received a gift from Trog
  5299 | D        | Slain by a tentacle

Vault maps used:
D:        dungeon_sprint_mu

Skill      XL: |  1  2  3  4  5  6  7  8  9 10 11 12 13 |
---------------+----------------------------------------+-----
Fighting       | 4 6 7 8 10 11 13 15 17 19 20 | 20.7
Polearms       | 5 7 9 10 12 15 17 19 21 23 26 27 | 27.0
Dodging        | 3 4 5 6 8 9 10 11 12 14 15 | 15.6
Armour         | 2 3 |  3.7
Stealth        | 1 2 3 5 7 10 12 14 15 16 | 16.0
Throwing       | 1 |  1.2

Action                   |  1- 3 |  4- 6 |  7- 9 | 10-12 | 13-15 || total
-------------------------+-------+-------+-------+-------+-------++-------
Melee: Spear             |    39 |    24 |    86 |       |       ||   149
       Tailslap          |     1 |       |       |    16 |     7 ||    24
       Long sword        |       |       |    14 |       |       ||    14
       Glaive            |       |       |     6 |   211 |    27 ||   244
       Halberd           |       |       |       |    48 |    61 ||   109
Throw: Javelin           |       |       |       |     1 |       ||     1
Invok: Berserk           |     2 |     3 |     5 |     9 |     2 ||    21
  Use: Potion            |     1 |       |       |       |       ||     1
 Stab: Sleeping          |     1 |     2 |     2 |     5 |     4 ||    14
       Distracted        |       |       |       |     3 |     1 ||     4
  Eat: Chunk             |       |     3 |     4 |    10 |     2 ||    19
       Ration            |       |       |     1 |     2 |     1 ||     4
Armor: Animal skin       |       |     6 |       |     2 |     1 ||     9
Dodge: Dodged            |    12 |     6 |    28 |   115 |    83 ||   244
       Rpst.: Long sword |       |       |     1 |       |       ||     1

Table legend:
 A = Spawn XP
 B = Non-spawn XP
 C = Spawn XP percentage of total XP
 D = Spawn monster count
 E = Non-spawn monster count
 F = Spawn count percentage of total count
 G = Total turns spent on level
                    A         B        C        D         E        F      G
               +---------+---------+-------+---------+---------+-------+---------
         Total |       0 |   42469 |   0.0 |       0 |     131 |   0.0 |  5299
               +---------+---------+-------+---------+---------+-------+---------
             D |       0 |   42469 |   0.0 |       0 |     131 |   0.0 |  5299
               +---------+---------+-------+---------+---------+-------+---------
